 Dungeon Crawl Stone Soup version 0.30.0 (webtiles) character file.

Game seed: 3267169460021033308

721 MacCMillion the Cleaver (level 7, -1/58 HPs)
             Began as a Minotaur Fighter on May 6, 2023.
             Slain by Edmund
             ... wielding a +0 flail of holy wrath
              (7 damage)
             ... on level 4 of the Dungeon.
             The game lasted 00:06:32 (3448 turns).

MacCMillion the Cleaver (Minotaur Fighter)          Turns: 3448, Time: 00:06:32

Health: -1/58      AC:  7    Str: 23    XL:     7   Next: 42%
Magic:  6/6        EV:  9    Int:  5    God:
Gold:   183        SH:  4    Dex:  9    Spells: 6/6 levels left

rFire   . . .        a - +0 war axe
rCold   . . .        c - +0 buckler
rNeg    . . .        b - +0 scale mail
rPois   .            (helmet restricted)
rElec   .            (no cloak)
rCorr   .            (no gloves)
SInv    .            (no boots)
Will    .....        (no amulet) Stlth
                     (no ring)
HPRegen 0.29/turn    (no ring)
MPRegen 0.10/turn

%: no passive effects
@: silenced
A: horns 2, retaliatory headbutt
a: no special abilities


You were on level 4 of the Dungeon.
You visited 1 branch of the dungeon, and saw 5 of its levels.

You collected 183 gold pieces.

Inventory:

Hand Weapons
 a - a +0 war axe (weapon)
Armour
 b - a +0 scale mail (worn)
 c - a +0 buckler (worn)
Jewellery
 f - a +6 ring of intelligence
 l - an amulet of reflection
Wands
 u - a wand of acid (4)
Scrolls
 d - a scroll of torment
 g - 2 scrolls of identify
 h - a scroll of fear {unknown}
 j - a scroll of vulnerability {unknown}
 m - a scroll of teleportation {unknown}
 n - a scroll of enchant armour {unknown}
 o - a scroll of amnesia
 q - a scroll of acquirement {unknown}
Potions
 i - 4 potions of flight {unknown}
 k - a potion of mutation {unknown}
 p - 2 potions of magic {unknown}
 r - a potion of cancellation {unknown}
 s - a potion of brilliance
 t - a potion of attraction {unknown}


   Skills:
 + Level 3.6 Fighting
 * Level 10.0 Axes
 + Level 3.7 Armour
 - Level 4.0 Shields


You had 6 spell levels left.
You didn't know any spells.
Your spell library was empty.

Dungeon Overview and Level Annotations

Branches:
Dungeon (5/15)
 Temple: D:4-7

Altars:
Ru

Annotations:
D:1 1 runed translucent door
D:2 1 runed translucent door, Crazy Yiuf
D:3 2 transporters, EarthwalkerPL's ghost, novice MiFi
D:4 Dowan; Duvessa; Edmund


Innate Abilities, Weirdness & Mutations

You have a pair of horns on your head.
You reflexively headbutt those who attack you in melee.


Message History

* * * LOW HITPOINT WARNING * * *
You miss something. Your headbutt misses something.
Something hits you but does no damage.
You completely miss something. Your headbutt misses something.
Something hits you but does no damage. x2
You miss something.
Edmund shouts!
Something hits you.
* * * LOW HITPOINT WARNING * * *
You barely miss something. Your headbutt misses something.
Something hits you but does no damage.
You slash something! Your headbutt misses something.
You slash the giant cockroach!
You kill the giant cockroach!
Something hits you.
* * * LOW HITPOINT WARNING * * *
You closely miss something. Something hits you.
* * * LOW HITPOINT WARNING * * *
You completely miss something. Something hits you.
* * * LOW HITPOINT WARNING * * *
You closely miss something. You hit Edmund. Something hits you.
* * * LOW HITPOINT WARNING * * *
Edmund barely misses you.
As you read the scroll labelled FYPRYL PO OKEE, it crumbles to dust.
It is a scroll of identify.
d - a scroll of torment Something hits you but does no damage.
Edmund misses you.
As you read the scroll labelled OCWANEKYIL, it crumbles to dust.
It is a scroll of amnesia.
You feel forgetful for a moment. Something hits you but does no damage.
Edmund barely misses you.
As you read the scroll labelled NYEV RIONO, it crumbles to dust.
A profound silence engulfs you.
It was a scroll of silence.
An orc wizard appears from thin air!
Reactivating autopickup.
You block the orc wizard's attack.
Edmund hits you with a +0 flail of holy wrath.
* * * LOW HITPOINT WARNING * * *
Edmund hits you with a +0 flail of holy wrath!
You die...

#..# #............
#... #............
#... #............
#... #............
#... #............
#..# #............
#..#
#...@.............#...
#...o@............#...
#...).............#..#
#.....####........#..#
#.....# #........#..#
#..)).+ .#........#..'
#..)..#..#........####
#.....#..#............
####'##..#............
#.......#............


You could see Edmund and an orc wizard.

Vanquished Creatures
  Eustachio (D:4)
  A black bear (D:4)
  An ogre (D:4)
  A lemure (D:4)
  A hound (D:4)
  Terence (D:3)
  2 iguanas
  Natasha (twice) (D:4)
  2 orc wizards (D:4)
  Ijyb (D:4)
  Robin (D:3)
  6 adders
  2 worms
  3 dart slugs
  13 orcs
  6 ball pythons
  4 endoplasms
  5 giant cockroaches
  11 goblins
  6 hobgoblins
  2 quokkas (D:4)
  3 bats
  3 frilled lizards (D:1)
  9 kobolds
  7 rats
94 creatures vanquished.

Vanquished Creatures (others)
  4 fungi (D:3)
  5 plants
9 creatures vanquished.

Grand Total: 103 creatures vanquished

Notes
Turn   | Place    | Note
-------+----------+-------------------------------------------
     0 | D:1      | MacCMillion the Minotaur Fighter began the quest for the
                  | Orb.
     0 | D:1      | Reached XP level 1. HP: 19/19 MP: 0/0
     1 | D:1      | Found a runed translucent door.
   321 | D:1      | Reached skill level 3 in Axes
   321 | D:1      | Reached XP level 2. HP: 26/26 MP: 1/1
   824 | D:2      | Reached skill level 4 in Axes
   824 | D:2      | Reached XP level 3. HP: 15/31 MP: 2/2
  1037 | D:2      | Found a runed translucent door.
  1038 | D:2      | Noticed Crazy Yiuf
  1392 | D:2      | Reached XP level 4. HP: 39/39 MP: 3/3
  1394 | D:2      | Reached skill level 5 in Axes
  1446 | D:2      | You fall into a shaft and drop 2 floors!
  1493 | D:4      | Noticed Eustachio
  1519 | D:4      | Killed Eustachio
  1520 | D:4      | Reached skill level 7 in Axes
  1520 | D:4      | Reached XP level 5. HP: 40/45 MP: 4/4
  1679 | D:4      | Found a sacrificial altar of Ru.
  1707 | D:4      | Noticed Natasha
  1708 | D:4      | Noticed Dowan
  1711 | D:4      | Noticed Duvessa
  1713 | D:4      | Killed Natasha
  1714 | D:4      | Reached XP level 6. HP: 46/51 MP: 5/5
  1721 | D:5      | Entered Level 5 of the Dungeon
  1951 | D:4      | Noticed Edmund
  2019 | D:3      | Noticed EarthwalkerPL's ghost (novice MiFi)
  2019 | D:3      | Found a transporter.
  2317 | D:3      | Reached skill level 8 in Axes
  2507 | D:3      | Noticed a sky beast
  2522 | D:3      | Noticed Robin
  2550 | D:3      | Killed Robin
  2556 | D:3      | Noticed Terence
  2562 | D:3      | Killed Terence
  2640 | D:3      | Found a transporter.
  2817 | D:3      | Identified the +0 ring mail of Ennui {Str+3}
  3172 | D:4      | Reached skill level 9 in Axes
  3172 | D:4      | Reached XP level 7. HP: 40/57 MP: 6/6
  3184 | D:4      | Noticed Ijyb
  3237 | D:4      | Killed Ijyb
  3413 | D:4      | Noticed Natasha
  3422 | D:4      | Killed Natasha
  3436 | D:4      | Reached skill level 10 in Axes
  3448 | D:4      | Slain by Edmund

Illustrated notes

Levels and vault maps discovered:
D:1:      dpeg_arrival_caged_fury, layout_loops_ring, serial_bayou_lake_a
D:2:      layout_basic, uniq_crazy_yiuf_cottage
D:3:      layout_loops_ring, gammafunk_ghost_arena, dreamdust_mushroom_princess,
          uniq_robin, uniq_terence
D:4:      layout_gridville, nicolae_ru_the_path_less_chosen, uniq_ijyb,
          uniq_duvessa, uniq_pikel, uniq_edmund, uniq_natasha, uniq_eustachio
D:5:      layout_cave_pools, lemuel_zombie_altar_yredelemnul,
          general_overflow_altar, chequers_temple_overflow_statue_of_worship,
          serial_shops, shop, uniq_menkaure

Skill      XL: |  1  2  3  4  5  6  7 |
---------------+----------------------+-----
Axes           | 3 4 7 9 10 | 10.0
Shields        | 4 |  4.0
Fighting       | |  3.6
Armour         | |  3.7

Action                     |  1- 3 |  4- 6 |  7- 9 || total
---------------------------+-------+-------+-------++-------
  Melee: War axe           |    57 |   134 |    36 ||   227
         Headbutt          |    10 |    11 |     7 ||    28
    Use: Potion            |       |     4 |       ||     4
         Scroll            |       |       |     3 ||     3
 Armour: Scale mail        |    19 |    61 |    25 ||   105
  Dodge: Dodged            |    22 |    70 |    13 ||   105
  Block: Buckler           |    14 |    32 |     8 ||    54
